 Dungeon Crawl Stone Soup version 0.30.0-29-ga12c61a403 (webtiles) character file.

Game seed: 13891308105558555824

42318 Peloso the Peltast (level 13, -8/119 HPs)
             Began as a Minotaur Fighter on June 25, 2023.
             Was a High Priest of Okawaru.
             Mangled by a two-headed ogre
             ... wielding a +0 giant club
              (18 damage)
             ... on level 2 of the Orcish Mines.
             The game lasted 00:34:30 (16385 turns).

Peloso the Peltast (Minotaur Fighter)              Turns: 16385, Time: 00:34:31

Health: -8/119     AC: 26    Str: 24    XL:     13   Next: 84%
Magic:  12/13      EV: 10    Int:  5    God:    Okawaru [*****.]
Gold:   2772       SH: 20    Dex: 12    Spells: 12/12 levels left

rFire   + + .        a - +4 long sword (elec)
rCold   + + +        d - +2 shield of Resistance {rF++ rC++ Will++}
rNeg    . . .        K - +0 crystal plate armour
rPois   .            M - +1 hat {Will+}
rElec   .            (no cloak)
rCorr   +            (no gloves)
SInv    .            S - +1 pair of boots of Unreason {rC+}
Will    +++..        s - amulet of reflection Stlth
                     l - +5 ring of evasion
HPRegen 0.39/turn    x - ring of resist corrosion
MPRegen 0.13/turn

%: reflection
@: no status effects
A: horns 2, retaliatory headbutt
a: Renounce Religion, Heroism, Finesse, Duel


You were on level 2 of the Orcish Mines.
You worshipped Okawaru.
Okawaru was extremely pleased with you.
You visited 3 branches of the dungeon, and saw 16 of its levels.
You also visited: Bailey.

You collected 4006 gold pieces.
You spent 1234 gold pieces at shops.

Inventory:

Hand Weapons
 a - a +4 long sword of electrocution (weapon)
 b - a +1 whip of flaming
 c - a +5 scimitar
Armour
 d - the +2 shield of Resistance (worn) {rF++ rC++ Will++}
   (You bought it in a shop on level 4 of the Dungeon)

   rF:        It greatly protects you from fire.
   rC:        It greatly protects you from cold.
   Will:      It greatly increases your willpower.
 K - a +0 crystal plate armour (worn)
 M - a +1 hat of willpower (worn)
 P - a +2 pair of boots of rampaging
 S - the +1 pair of boots of Unreason (worn) {rC+}
   (You found it on level 10 of the Dungeon)

   rC:        It protects you from cold.
Jewellery
 l - a +5 ring of evasion (left hand)
 m - a ring of ice
 s - an amulet of reflection (around neck)
 w - the ring "Iburae" {rElec rF++ rCorr Dex-5 Stlth+}
   (You took it off a meliai on level 10 of the Dungeon)

   [ring of resist corrosion]

   Dex:       It affects your dexterity (-5).
   rF:        It greatly protects you from fire.
   rElec:     It insulates you from electricity.
   rCorr:     It protects you from acid and corrosion.
   Stlth:     It makes you more stealthy.
 x - a ring of resist corrosion (right hand)
 D - an amulet of the acrobat
 L - a ring of flight
 O - a +4 ring of protection
 R - the ring "Miasarghi" {rC- rN+ Will+++ Int+2}
   (You took it off Psyche on level 10 of the Dungeon)

   [ring of positive energy]

   Int:       It affects your intelligence (+2).
   rC:        It makes you vulnerable to cold.
   rN:        It protects you from negative energy.
   Will:      It greatly increases your willpower.
Wands
 i - a wand of mindburst (37)
 n - a wand of flame (10)
 B - a wand of polymorph (15)
 C - a wand of paralysis (18)
 W - a wand of light (5)
Scrolls
 e - 2 scrolls of magic mapping
 j - 4 scrolls of fog
 k - a scroll of immolation
 o - a scroll of brand weapon
 p - 4 scrolls of fear
 u - 2 scrolls of silence
 v - 2 scrolls of blinking
 y - 3 scrolls of enchant weapon
 A - 10 scrolls of enchant armour
 N - 3 scrolls of poison
 Q - a scroll of teleportation
 X - a scroll of amnesia
 Z - a scroll of acquirement
Potions
 f - 2 potions of might
 g - 3 potions of magic
 h - 4 potions of curing
 q - 5 potions of haste
 r - 4 potions of flight
 t - 3 potions of mutation
 z - 9 potions of heal wounds
 E - a potion of berserk rage {unknown}
 F - 2 potions of cancellation {unknown}
 G - a potion of resistance
 H - a potion of experience
 I - a potion of invisibility {unknown}
 J - 2 potions of brilliance {unknown}
 V - a potion of attraction {unknown}
Miscellaneous
 T - a lightning rod (4/4)
 U - a phantom mirror


   Skills:
 + Level 12.8 Fighting
 + Level 15.5 Long Blades
 + Level 13.3 Armour
 + Level 1.4 Dodging
 + Level 2.1 Stealth
 + Level 16.6 Shields
 + Level 1.8 Invocations
 + Level 0.5 Evocations


You had 12 spell levels left.
You didn't know any spells.
Your spell library contained the following spells:

 Spells                   Type           Power      Damage    Failure   Level
 Apportation              Tloc           0%         N/A       100%        1
 Kiss of Death            Conj/Necr      0%         2d5       100%        1
 Necrotise                Necr           0%         1d4       100%        1
 Sublimation of Blood     Necr           0%         N/A       100%        2
 Wereblood                Tmut           0%         N/A       100%        2
 Confusing Touch          Hex            0%         N/A       100%        3
 Vampiric Draining        Necr           0%         2d6       100%        3
 Vhi's Electric Charge    Tloc/Air       0%         N/A       100%        3
 Dispel Undead            Necr           0%         3d6       100%        4
 Leda's Liquefaction      Hex/Erth       0%         N/A       100%        4
 Passage of Golubria      Tloc           0%         N/A       100%        4
 Agony                    Necr           0%         N/A       100%        5
 Alistair's Intoxication  Tmut/Pois      0%         N/A       100%        5
 Arcjolt                  Conj/Air       0%         1d10      100%        5
 Borgnjor's Vile Clutch   Necr/Erth      0%         N/A       100%        5
 Lee's Rapid Deconstruct  Erth           0%         3d4*      100%        5
 Yara's Violent Unravell  Hex/Tmut       0%         3d3       100%        5
 Statue Form              Tmut/Erth      0%         N/A       100%        6
 Maxwell's Capacitive Co  Air            0%         ∞         100%        8
 Call Canine Familiar     Summ           Unusable   N/A       N/A         3
 Tukima's Dance           Hex            Unusable   N/A       N/A         3
 Summon Hydra             Summ           Unusable   N/A       N/A         7

Dungeon Overview and Level Annotations

Branches:
Dungeon (11/15)            Temple (0/1) D:7            Lair (3/5) D:8
 Shoals (0/4) Lair:3        Snake (0/4) Lair:3          Orc (2/2) D:10
    Elf (0/3) Orc:2        Bailey (visited)

Altars:
Ashenzari
Cheibriados
Elyvilon
Fedhas
Hepliaklqana
Kikubaaqudgha
Nemelex Xobeh
Okawaru
Ru
Sif Muna
Trog
Vehumet
Wu Jian
Zin

Shops:
D:4 :[!*   D:5 [   D:9 **   D:11 [


Innate Abilities, Weirdness & Mutations

You have a pair of horns on your head.
You reflexively headbutt those who attack you in melee.


Message History

The troll closely misses you. The troll claws you but does no damage.
Unknown command.
You slash the troll!
The troll is severely wounded.
You block the orc warrior's attack. The troll closely misses you. x2
You block the troll's attack.
Unknown command.
You slash the troll! Lightning courses through the troll!
You kill the troll!
Okawaru accepts your kill. You block the orc warrior's attack.
Unknown command.
A troll comes into view.
The troll shouts!
You hear two shouts!
You hear a shout!
A two-headed ogre comes into view.
It is wielding a +0 giant club and a +0 giant spiked club.
The two-headed ogre attacks as you move away!
You block the two-headed ogre's attack.
The two-headed ogre completely misses you.
The two-headed ogre attacks as you move away!
The two-headed ogre hits you with a +0 giant club!
* * * LOW HITPOINT WARNING * * *
You block the two-headed ogre's attack.
The two-headed ogre attacks as you move away!
You block the two-headed ogre's attack. x2
You block the two-headed ogre's attack. The two-headed ogre barely misses you.
The two-headed ogre attacks as you move away!
You block the two-headed ogre's attack. x2
You feel like a meek peon again.
The ogre mage gestures wildly while chanting.
The ogre mage flickers and vanishes!
The cyclops throws a large rock.
You block the large rock with an invisible shield... and reflect it back!
The large rock completely misses the cyclops.
The two-headed ogre attacks as you move away!
You block the two-headed ogre's attack.
The two-headed ogre hits you with a +0 giant club!
* * * LOW HITPOINT WARNING * * *
There is a stone staircase leading up here.
The two-headed ogre hits you with a +0 giant club!!
You die...

###.#.....#.###
#...........#.##
###..............#
#.#....#.##))....#
#.....^####))...###
#......####.......#
###.....##.......##
##............##
#......@....##
###....O...## #.## T.
#......### ....#...
#.<....#.# ....#CC.
##.......#### #O.O....
###.........#.# #OOO....
#......#.....#####TTO....
###....#.###..oC#..#...O#
#.#....### ##...{.)o{OT#


You could see a two-headed ogre (fast) and an orc warrior.

Vanquished Creatures
  Gastronok (Lair:3)
  Harold (Lair:1)
  A catoblepas (Lair:1)
  10 two-headed ogres
  2 ogre magi
  A boulder beetle (Lair:1)
  A tengu warrior (D:10)
  2 skeletal warriors (D:9)
  A deep troll (Orc:2)
  Pikel (D:5)
  A wizard (D:10)
  4 orc knights
  4 harpies (Lair:3)
  2 cyclopes (D:9)
  2 manticores (D:9)
  An ugly thing (D:10)
  A wolf spider (D:10)
  2 black mambas
  2 gargoyles (D:10)
  Psyche (D:10)
  4 komodo dragons
  4 cane toads
  3 kobold demonologists
  A polar bear (Lair:2)
  A meliai (D:10)
  7 trolls
  A hornet (D:10)
  Grinder (D:6)
  14 blink frogs
  A vampire (D:10)
  A slime creature (D:9)
  A shadow (D:10)
  4 wraiths (D:10)
  12 yaks
  A wyvern (D:10)
  Grum (D:9)
  Eustachio (D:4)
  A basilisk (Lair:3)
  5 vampire mosquitoes (D:10)
  A steam dragon (D:10)
  Menkaure (D:6)
  6 acid dragons
  3 nagas (Lair:3)
  Edmund (D:5)
  6 water moccasins
  A black bear (D:8)
  20 orc warriors
  An ice beast (D:6)
  9 ogres
  4 centaurs
  17 wolves
  A phantom (D:5)
  2 lemures (D:5)
  3 kobold brigands
  7 bullfrogs
  4 scorpions
  5 wights
  29 killer bees
  5 howler monkeys
  An electric eel (D:8)
  7 orc priests
  2 jellies
  A gnoll bouda (D:8)
  6 hounds
  12 orc wizards
  A sleepcap (D:6)
  2 iguanas
  6 adders
  6 gnolls
  A shadow imp (D:7)
  A white imp (D:6)
  2 dart slugs
  67 orcs
  7 ball pythons
  7 endoplasms
  A giant cockroach (D:2)
  11 goblins
  6 hobgoblins
  5 jackals (D:3)
  A quokka (D:10)
  3 bats
  3 frilled lizards
  21 kobolds
  2 rats
413 creatures vanquished.

Vanquished Creatures (others)
  2 orcs (Orc:2)
2 creatures vanquished.

Grand Total: 415 creatures vanquished

Notes
Turn   | Place    | Note
-------+----------+-------------------------------------------
     0 | D:1      | Peloso the Minotaur Fighter began the quest for the Orb.
     0 | D:1      | Reached XP level 1. HP: 19/19 MP: 0/0
   294 | D:1      | Reached XP level 2. HP: 27/27 MP: 1/1
   602 | D:1      | Reached XP level 3. HP: 32/33 MP: 2/2
   749 | D:1      | Reached skill level 4 in Shields
   939 | D:2      | Reached XP level 4. HP: 41/41 MP: 3/3
  1559 | D:3      | Reached skill level 5 in Fighting
  1722 | D:3      | Found a bloodstained altar of Trog.
  1757 | D:3      | Found an iron altar of Okawaru.
  1772 | D:3      | Became a worshipper of Warmaster Okawaru
  1851 | D:3      | Reached XP level 5. HP: 46/48 MP: 4/4
  2000 | D:3      | Found a hazy altar of Hepliaklqana.
  2040 | D:3      | Found a sparkling altar of Nemelex Xobeh.
  2260 | D:3      | Found an ornate altar of the Wu Jian Council.
  2564 | D:4      | Reached skill level 5 in Armour
  2739 | D:4      | Noticed Eustachio
  2746 | D:4      | Killed Eustachio
  2746 | D:4      | Reached * piety under Okawaru
  2747 | D:4      | Reached skill level 5 in Long Blades
  2747 | D:4      | Reached XP level 6. HP: 56/56 MP: 5/5
  2807 | D:4      | Found a broken altar of Ashenzari.
  2934 | D:4      | Found Salor's Distillery.
  2945 | D:4      | Reached XP level 7. HP: 61/61 MP: 6/6
  2955 | D:4      | Bought a potion of mutation for 104 gold pieces
  2955 | D:4      | Bought a potion of degeneration for 13 gold pieces
  3155 | D:4      | Found Qaiwaugock's Assorted Antiques.
  3158 | D:4      | Bought a scroll labelled CAH YXERIEG for 17 gold pieces
  3158 | D:4      | Bought a scroll labelled FOYVAGRALL for 17 gold pieces
  3158 | D:4      | Bought a scroll labelled HAC KIULEUNTA for 17 gold pieces
  3158 | D:4      | Bought a scroll labelled HAC KIULEUNTA for 17 gold pieces
  3158 | D:4      | Bought a scroll labelled HAC KIULEUNTA for 17 gold pieces
  3158 | D:4      | Bought a scroll labelled PELEUS NIOWYK for 17 gold pieces
  3189 | D:4      | Found Kihory's Armour Shop.
  3247 | D:4      | Found Miquefemyi's Book Shop.
  3400 | D:5      | Entered Level 5 of the Dungeon
  3400 | D:5      | Found a blossoming altar of Fedhas.
  3439 | D:5      | Reached skill level 1 in Stealth
  3503 | D:5      | Reached ** piety under Okawaru
  3547 | D:5      | Noticed Edmund
  3559 | D:5      | Killed Edmund
  3594 | D:5      | Found a snail-covered altar of Cheibriados.
  3670 | D:5      | Noticed Pikel
  3676 | D:5      | Reached skill level 5 in Shields
  3676 | D:5      | Reached XP level 8. HP: 70/70 MP: 7/7
  3693 | D:5      | Killed Pikel
  3693 | D:5      | Reached *** piety under Okawaru
  3783 | D:5      | Found Nodossih's Armour Shoppe.
  4074 | D:6      | Reached skill level 6 in Shields
  4078 | D:6      | Reached XP level 9. HP: 79/79 MP: 8/8
  4107 | D:6      | Noticed Grinder
  4108 | D:6      | Paralysed by Grinder for 2 turns
  4114 | D:6      | Paralysed by Grinder for 2 turns
  4120 | D:6      | Killed Grinder
  4177 | D:6      | Found a shimmering blue altar of Sif Muna.
  4213 | D:6      | Found an ancient bone altar of Kikubaaqudgha.
  4246 | D:6      | Noticed Menkaure
  4250 | D:6      | Killed Menkaure
  4431 | D:6      | Reached **** piety under Okawaru
  4432 | D:6      | Reached skill level 10 in Long Blades
  4809 | D:7      | Found a flagged portal.
  4833 | Bailey   | Entered a bailey
  5208 | Bailey   | Noticed an orc knight
  5223 | Bailey   | Killed an orc knight
  5224 | Bailey   | Reached skill level 7 in Shields
  5306 | Bailey   | Noticed an orc knight
  5334 | Bailey   | Killed an orc knight
  5335 | Bailey   | Reached XP level 10. HP: 16/88 MP: 6/9
  5614 | Bailey   | Noticed an orc knight
  5635 | Bailey   | Killed an orc knight
  5636 | Bailey   | Reached skill level 1 in Dodging
  5752 | D:7      | Found a staircase to the Ecumenical Temple.
  6386 | D:8      | Found a staircase to the Lair.
  6386 | D:8      | HP: 4/90 [poisoned by a killer bee]
  6603 | D:8      | Acquired 1294 gold pieces
  6629 | D:8      | Acquired 1164 gold pieces
  6733 | D:4      | Bought the +2 shield of Resistance {rF++ rC++ Will++} for
                  | 987 gold pieces
  6733 | D:4      | Found the +2 shield of Resistance {rF++ rC++ Will++}
  7001 | D:8      | Found a radiant altar of Vehumet.
  7022 | D:8      | Reached skill level 10 in Armour
  7035 | D:8      | Reached skill level 8 in Shields
  7327 | D:8      | Reached skill level 9 in Shields
  7344 | D:8      | Reached ***** piety under Okawaru
  7379 | Lair:1   | Entered Level 1 of the Lair of Beasts
  7627 | D:8      | Found a sacrificial altar of Ru.
  8215 | D:9      | Reached skill level 10 in Shields
  8302 | D:9      | Reached XP level 11. HP: 88/97 MP: 10/10
  8338 | D:9      | Noticed a two-headed ogre
  8345 | D:9      | Killed a two-headed ogre
  8408 | D:9      | Found Eleim's General Store.
  8410 | D:9      | Found Boiniasi's Specific Store.
  8418 | D:9      | Bought a scroll of identify for 28 gold pieces
  8525 | D:9      | Noticed Grum
  8544 | D:9      | Killed Grum
  9053 | D:9      | Noticed a skeletal warrior
  9071 | D:9      | Killed a skeletal warrior
  9071 | D:9      | Received a gift from Okawaru
  9072 | D:9      | Reached skill level 11 in Shields
  9125 | D:9      | Noticed a skeletal warrior
  9161 | D:9      | Killed a skeletal warrior
  9167 | D:9      | Reached skill level 1 in Invocations
  9307 | D:9      | Got Ykkiurch's Papyrus of the Grounded Boggart
  9570 | D:10     | Entered Level 10 of the Dungeon
  9656 | D:10     | Noticed a brown ugly thing
  9667 | D:10     | Noticed a two-headed ogre
  9670 | D:10     | Killed a brown ugly thing
  9685 | D:10     | Killed a two-headed ogre
  9686 | D:10     | Reached skill level 10 in Fighting
  9717 | D:10     | Reached skill level 12 in Shields
  9743 | D:10     | Noticed an ogre mage
  9759 | D:10     | Killed an ogre mage
  9760 | D:10     | Reached XP level 12. HP: 89/106 MP: 12/12
  9987 | D:10     | Noticed a two-headed ogre
  9997 | D:10     | Killed a two-headed ogre
 10028 | D:10     | Identified the +0 ring mail "Pichiemaa" {rF+ Int+3 Dex+5
                  | Slay-6}
 10028 | D:10     | Identified the ring "Iburae" {rElec rF++ rCorr Dex-5
                  | Stlth+}
 10269 | D:10     | Found a staircase to the Orcish Mines.
 10334 | D:10     | Identified the +3 leather armour of Whack-A-Mole {Drain
                  | rC++ Stlth+}
 10418 | D:10     | Reached skill level 13 in Shields
 10549 | D:10     | Found a white marble altar of Elyvilon.
 10585 | D:10     | Found a glowing silver altar of Zin.
 10628 | D:10     | Identified the +1 robe "Nocw" {Will+ Dex+2}
 10681 | D:10     | Identified the +1 pair of boots of Unreason {rC+}
 10736 | D:10     | Noticed a tengu warrior
 10747 | D:10     | Killed a tengu warrior
 10747 | D:10     | Received a gift from Okawaru
 10767 | D:10     | Identified the ring "Miasarghi" {rC- rN+ Will+++ Int+2}
 10767 | D:10     | Noticed Psyche
 10776 | D:10     | Killed Psyche
 10776 | D:10     | Reached ****** piety under Okawaru
 10891 | D:10     | Noticed a two-headed ogre
 10898 | D:10     | Killed a two-headed ogre
 11128 | Lair:1   | Noticed a boulder beetle
 11165 | Lair:1   | Killed a boulder beetle
 11312 | Lair:1   | Reached skill level 15 in Long Blades
 11378 | Lair:1   | Reached skill level 14 in Shields
 11392 | Lair:1   | Noticed Harold
 11406 | Lair:1   | Killed Harold
 11609 | Lair:1   | Noticed a catoblepas
 11622 | Lair:1   | Killed a catoblepas
 11623 | Lair:1   | Reached XP level 13. HP: 103/117 MP: 10/13
 13950 | Lair:3   | Found a staircase to the Shoals.
 13962 | Lair:3   | Identified the +4 scale mail of the Realm of Zot {rC+ Str+6
                  | Dex-4} (Okawaru gifted it to you on level 3 of the Lair of
                  | Beasts)
 13962 | Lair:3   | Received a gift from Okawaru
 13984 | Lair:3   | Reached skill level 15 in Shields
 14168 | Lair:3   | Found a staircase to the Snake Pit.
 14187 | Lair:3   | Noticed Gastronok
 14213 | Lair:3   | Killed Gastronok
 14954 | D:11     | Found Vaitoff's Antique Armour Shop.
 15625 | Orc:1    | Entered Level 1 of the Orcish Mines
 15872 | Orc:2    | Entered Level 2 of the Orcish Mines
 15901 | Orc:2    | Found a staircase to the Elven Halls.
 16121 | Orc:2    | Reached skill level 16 in Shields
 16385 | Orc:2    | Mangled by a two-headed ogre

Illustrated notes

Levels and vault maps discovered:
D:1:      wander_arrival_peaceful_grave, layout_loops_ring, minmay_pentomino_x4
D:2:      layout_loops_ring
D:3:      layout_loops_corners, nzn_wu_jian_contemplation,
          okawaru_metal_pillars_1_2, mainiacjoe_overflow_boulevard,
          nemelex_diamond_rough_becter, mainiacjoe_overflow_cross_hatched,
          st_stairs_5
D:4:      layout_loops_corners, mainiacjoe_overflow_six_doors_small,
          serial_shops, kennysheep_mini, shop, shop,
          nicolae_shop_hallway_stairs, serial_bayou_pond_e,
          minmay_misc_feat_square, uniq_eustachio
D:5:      layout_basic, lemuel_round_altar, fedhas_altar_3, serial_shops, shop,
          st_stairs_1, uniq_pikel, uniq_edmund
D:6:      layout_loops_ring, kiku_gazebo_pond_becter,
          mainiacjoe_overflow_24_doors, uniq_menkaure, uniq_grinder
D:7:      layout_loops_cross, minmay_temple_entry_purple_smoke, enter_bailey_4
D:8:      layout_layer_cave, general_overflow_altar, kennysheep_mini_moat,
          erik_lair_island
D:9:      minmay_shrinking_squares, layout_stronghold, serial_glass,
          glass_columns_a, glass_columns_a, nicolae_specific_store, uniq_grum
D:10:     minmay_the_grid_3x2 [minmay_the_grid_expand,
          minmay_the_grid_minigrid_medium, minmay_the_grid_tiny_cups,
          minmay_the_grid_pillar_ring, minmay_the_grid_doors,
          minmay_the_grid_prize_shrinking_boxes], layout_small_grid,
          elyvilon_altar_4, zin_treasury, minmay_orc_entry_temple_small,
          uniq_psyche
D:11:     layout_small_grid, serial_shops, shop_coins, nrook_campfire
Lair:1:   layout_layer_cave, grunt_megastairs_4, uniq_harold
Lair:2:   layout_gridlike
Lair:3:   layout_chaotic_city, nicolae_shoals_entry_roost,
          minmay_snake_entry_guardpost_small, serial_bayou_shore_b,
          uniq_gastronok
Orc:1:    layout_caves, serial_shops, nicolae_shop_stone
Orc:2:    st_orc_open, layout_diamond_mine, hangedman_minor_magic

Skill      XL: |  1  2  3  4  5  6  7  8  9 10 11 12 13 |
---------------+----------------------------------------+-----
Fighting       | 4 5 7 8 9 10 11 12 | 12.8
Armour         | 4 5 6 7 9 10 11 12 13 | 13.3
Shields        | 4 5 6 7 10 12 14 16 | 16.6
Long Blades    | 3 5 6 7 9 11 12 13 15 | 15.5
Stealth        | 1 2 |  2.1
Dodging        | 1 |  1.4
Invocations    | 1 |  1.8
Evocations     | |  0.5

Action                     |  1- 3 |  4- 6 |  7- 9 | 10-12 | 13-15 || total
---------------------------+-------+-------+-------+-------+-------++-------
  Melee: Long sword        |    49 |   108 |   183 |   723 |   369 ||  1432
         Headbutt          |    17 |    26 |    36 |   159 |    69 ||   307
 Invoke: Heroism           |       |       |     3 |    14 |     4 ||    21
  Evoke: Wand              |       |       |     4 |     3 |       ||     7
    Use: Potion            |     1 |     2 |       |     1 |       ||     4
         Scroll            |       |       |     6 |    11 |     3 ||    20
 Armour: Plate armour      |    29 |    63 |    62 |     7 |       ||   161
         Scale mail        |     3 |       |       |       |       ||     3
         Crystal plate arm |       |       |       |   299 |   150 ||   449
  Dodge: Dodged            |    11 |    45 |    80 |   186 |   112 ||   434
  Block: Buckler           |    17 |    21 |    86 |    38 |       ||   162
         Reflection        |       |       |     1 |    18 |     6 ||    25
         Kite shield       |       |       |       |   707 |   483 ||  1190
